 Dungeon Crawl Stone Soup version 0.28-a0-863-g8cecda6153 (webtiles) character file.

Game seed: 17587825008034918744

64 MaxFrost the Ducker (level 4, -4/27 HPs)
             Began as a Kobold Gladiator on Nov 20, 2021.
             Slain by a gnoll (6 damage)
             ... on level 2 of the Dungeon.
             The game lasted 00:06:08 (1756 turns).

MaxFrost the Ducker (Kobold Gladiator)              Turns: 1756, Time: 00:06:09

Health: -4/27      AC:  4    Str: 12    XL:     4   Next: 32%
Magic:  4/4        EV:  8    Int:  9    God:
Gold:   18         SH:  0    Dex: 16    Spells: 3/3 levels left

rFire   . . .      SeeInvis .   a - +0 flail
rCold   . . .      Faith    .   (shield restricted)
rNeg    . . .      Spirit   .   b - +0 leather armour
rPois   .          Reflect  .   c - +0 helmet
rElec   .          Harm     .   (no cloak)
rCorr   .          Rampage  .   (no gloves)
Will    .....                   (no boots)
Stlth   +++.......              (no amulet)
HPRegen 0.09/turn               (no ring)
MPRegen 0.09/turn               (no ring)

@: weak-willed, held
A: small, no large weapons, nightstalker 3
a: no special abilities


You were on level 2 of the Dungeon.
You visited 1 branch of the dungeon, and saw 2 of its levels.

You collected 18 gold pieces.

Inventory:

Hand Weapons
 a - a +0 flail (weapon)
Missiles
 d - a throwing net
 h - 5 stones
 l - 14 poisoned darts (quivered)
Armour
 b - a +0 leather armour (worn)
 c - a +0 helmet (worn)
Scrolls
 j - a scroll of vulnerability
Potions
 f - a potion of brilliance


   Skills:
 + Level 2.4 Fighting
 + Level 3.5 Maces & Flails
 + Level 2.3 Throwing
 + Level 0.9 Armour
 + Level 3.9 Dodging
 + Level 1.9 Stealth


You had 3 spell levels left.
You didn't know any spells.
Your spell library was empty.

Dungeon Overview and Level Annotations

Branches:
Dungeon (2/15)

Altars:


Innate Abilities, Weirdness & Mutations

You are small and have problems with some larger weapons.
You are completely attuned to the shadows.


Message History

A gnoll comes into view. It is wielding a +0 club.
The gnoll hits you with a +0 flail!
Okay, then.
Blink to where?
Press: ? - help, Dir - move target, p - bat
As you read the scroll labelled YXYEDO DIDO, it crumbles to dust.
It was a scroll of blinking.
You feel a bit more experienced.
As you read the scroll labelled YMUTISTR DUOGAU, it crumbles to dust.
It is a scroll of identify.
f - a potion of brilliance The hobgoblin barely misses you.
As you read the scroll labelled JOATUGIYDGH, it crumbles to dust.
Magic quickly surges around you.
It was a scroll of vulnerability.
The hobgoblin hits you.
The dart slug bites you but does no damage.
The hobgoblin misses you. The dart slug barely misses you.
You hit the gnoll.
The gnoll is moderately wounded.
The adder closely misses you. The gnoll hits you with a +0 whip.
The hobgoblin closely misses you. The adder bites you.
The dart slug closely misses you. The gnoll misses you.
The gnoll hits you with a +0 whip. The adder bites you but does no damage.
The gnoll completely misses you. The adder barely misses you. x2
The gnoll barely misses you.
A gnoll comes into view. It is wielding a +0 flail.
The gnoll closely misses you.
The gnoll hits you from afar with a +0 spear.
* * * LOW HITPOINT WARNING * * *
The gnoll throws a throwing net.
The throwing net hits you.
You become entangled in the net!
You see here a throwing net.
You struggle against the net.
The gnoll hits you but does no damage. The hobgoblin closely misses you.
You struggle against the net.
The gnoll hits you from afar with a +0 spear.
* * * LOW HITPOINT WARNING * * *
The gnoll hits you with a +0 club.
You die...

######## #..@....
.... #ggg...#
.... #.Sgg..#
.(..
#ggg...######....
#..g..###.g.gg...
#.........###.g..
#g....##### ....
#.....# ....
#w....# g...


You could see 8 gnolls, an adder (weak-willed) and a hobgoblin (weak-willed).

Vanquished Creatures
  3 gnolls (D:2)
  4 ball pythons (D:1)
  2 goblins (D:1)
  3 hobgoblins (D:1)
  6 jackals (D:1)
  3 quokkas (D:1)
  2 bats
  3 frilled lizards (D:1)
  3 kobolds (D:1)
  3 rats (D:1)
32 creatures vanquished.

Notes
Turn   | Place    | Note
-------+----------+-------------------------------------------
     0 | D:1      | MaxFrost the Kobold Gladiator began the quest for the Orb.
     0 | D:1      | Reached XP level 1. HP: 12/12 MP: 1/1
   158 | D:1      | Found a faded altar of an unknown god.
   216 | D:1      | Reached XP level 2. HP: 15/17 MP: 2/2
   688 | D:1      | Reached skill level 1 in Stealth
   710 | D:1      | Reached XP level 3. HP: 10/21 MP: 3/3
  1407 | D:2      | Reached XP level 4. HP: 13/27 MP: 4/4
  1756 | D:2      | Slain by a gnoll

Illustrated notes

Levels and vault maps discovered:
D:1:      lemuel_arrival_tunnels, layout_loops_ring,
          shapermc_ecumenical_altar_starsandcircs
D:2:      layout_rooms

Skill      XL: |  1  2 |
---------------+-------+-----
Maces & Flails | 3 |  3.5
Stealth        | 1 |  1.9
Fighting       | |  2.4
Throwing       | |  2.3
Armour         | |  0.9
Dodging        | |  3.9

Action                   |  1- 3 |  4- 6 || total
-------------------------+-------+-------++-------
Melee: Flail             |   101 |     5 ||   106
Throw: Throwing net      |     2 |       ||     2
       Dart              |     8 |     1 ||     9
  Use: Scroll            |       |     4 ||     4
 Stab: Sleeping          |     5 |       ||     5
       Held in net/web   |     1 |       ||     1
Armor: Leather armour    |    24 |     5 ||    29
       Chain mail        |    12 |       ||    12
Dodge: Dodged            |    69 |    16 ||    85

Table legend: (Time is in decaauts)
 A = Elapsed time spent in this place.
 B = Non-inter-level travel time spent in this place.
 C = Inter-level travel time spent in this place.
 D = Time resting spent in this place.
 E = Time spent auto-exploring this place.
 F = Levels seen in this place.
 G = Mean time per level.
                   A        B        C        D        E       F      G
               +--------+--------+--------+--------+--------+-----+--------+
         Total |   1781 |   1751 |     30 |    542 |    854 |   2 |  890.5 |
       Dungeon |   1781 |   1751 |     30 |    542 |    854 |   2 |  890.5 |
               +--------+--------+--------+--------+--------+-----+--------+

Top non-repeatable levels by time:
     D:1: 1409 daAuts
     D:2: 372 daAuts
